Workbook

Sheet Master
A2: 1) | B2: Level of enterprise
B3: SMC | C3: Level 1 | D3: Level 2 | E3: Level 3 | K3: CARO | L3: Internal Audit | M3: Cost Record
A4: Listing | B4: Not listed | C4: Listed | D4: Not Listed | E4: Not Listed | K4: xxx | L4: Listed | M4: Listed
A5: Status | B5: Not bank, financial institution or insurance company | C5: Bank, financial institution or insurance company | D5: Not bank, financial institution or insurance company | E5: Not bank, financial institution or insurance company | K5: Private Limited Company | L5: Company
A6: Turnover | B6: < = Rs. 50 crores in preceding financial year | C6: > 50 crores in preceding financial year | D6: > Rs. 1 crore but < = Rs. 50 crores in preceding financial year | E6: Other than Level I & Level II | K6: > Rs. 5 crores at any time during the financial year | L6: Average annual turnover exceeding Rs. 5 crores for a period of 3 consecutive financial years preceding the year under audit | M6: > Rs. 35 crores in preceding financial year
A7: Borrowings | B7: < = Rs. 10 crores at any time in preceding financial year | C7: > 10 crores at any time during accounting period | D7: > Rs. 1 crores but < = Rs. 10 crore at any time during accounting period | E7: Other than Level I & Level II | K7: Loan from Bank or financial institution > Rs. 25 lakhs at any time during the financial year
A8: Other | B8: Is not a holding or subsidiary of a company which is not SMC | C8: Is a holding or subsidiary of entity which is Level 1 | D8: Is a holding or subsidiary of entity which is Level 2 | E8: Other than Level I & Level II | K8: Paid up capital & free reserves > Rs. 50 lakhs at any time during the financial year | L8: > Rs. 50 lacs at the beginning of the year | M8: Net worth > Rs. 5 crores in preceding financial year

Sheet Input Data
B2: Name of Client
B3: Financial Year | C3: 2025-26 | E3: Enter financial year for which criteria to be evaluated
F4: Rs. in lakhs
F5: =C3 -> 2025-26 | G5: =CONCATENATE(LEFT(F5,4)-1,"-",IF(RIGHT(F5,2)-1<10,CONCATENATE(0,RIGHT(F5,2)-1),RIGHT(F5,2)-1)) -> 2024-25 | H5: =CONCATENATE(LEFT(G5,4)-1,"-",IF(RIGHT(G5,2)-1<10,CONCATENATE(0,RIGHT(G5,2)-1),RIGHT(G5,2)-1)) -> 2023-24 | I5: =CONCATENATE(LEFT(H5,4)-1,"-",IF(RIGHT(H5,2)-1<10,CONCATENATE(0,RIGHT(H5,2)-1),RIGHT(H5,2)-1)) -> 2022-23
B6: Listing & status | C6: =IF(OR(COUNTIF(C7:C10,"Yes")>1,COUNTIF(C7:C10,"Yes")=0,COUNTBLANK(C7:C10)>0,AND(C7<>"yes",C7<>"no"),AND(C8<>"yes",C8<>"no"),AND(C9<>"yes",C9<>"no"),AND(C10<>"yes",C10<>"no")),"ERROR","OK") -> OK | E6: Turnover | F6: 1819.69 | G6: 1804.57
B7: Private Limited Company | C7: Yes | E7: Adjusted Net Profit (Sec 198) | G7: 0
B8: Unlisted Public Company | C8: No
B9: Listed Public Company | C9: No | E9: Export Turnover (included in above)
B10: Section 8 Company | C10: No | E10: Turnover of Product (covered under Cost Accounts)
B12: Holding / Subsidiary Status | C12: =IF(AND(OR(C13="Yes",C13="NA",C13="No"),OR(C14="Yes",C14="NA",C14="No"),OR(C15="Yes",C15="NA",C15="No"),OR(C16="Yes",C16="NA",C16="No"),OR(C17="Yes",C17="No",C17="NA")),"OK","ERROR") -> OK | E12: Borrowings (maximum at any time during the relevant year)
B13: Holding Company is SMC? | C13: NA | E13: - Banks | F13: 152 | G13: 10.77 | H13: 0
B14: Subsidiary is SMC? | C14: NA | E14: - Financial Institutions | F14: 0 | G14: 0 | H14: 0
B15: Foreign Holding or Subsidiary? | C15: NA | E15: - Deposits | F15: 0 | G15: 0 | H15: 0
B16: Holding Company of Public Company | C16: NA | E16: - Debentures | F16: 0 | G16: 0 | H16: 0
B17: Subsidiary Company of public company | C17: NA | E17: - Body Corporate | F17: 0 | G17: 0 | H17: 0
E18: - Others | F18: 125 | G18: 213.5 | H18: 0
B19: Company falling under regulatory sector | C19: No
E20: Net worth
B21: Covered under MSMED Act | C21: No | E21: Paid up capital | F21: 100.46 | G21: 1.45
E22: Free reserves | F22: -729 | G22: -580
B23: Whether shareholder is body corporate | C23: Yes | E23: Securities Premium | F23: 1000.79 | G23: 950.4
E24: Reserves other than free reserves (Revaluation, CRR, etc.)
B25: Whether a Non-SMC in previous two years | C25: No | E25: Misc. expenses (not written off or adjusted) - in negative
B27: Whether IND-AS applicable to Holding/Subsidiary/JV/Associate | C27: No | E27: Investments
E28: Loans given
B29: Whether company is Banking, Insurance, engaged in supply & generation of electricity or governed by Special Act | C29: No | E29: Guarantee/ Security given
E30: Subscription / Purchase of securities
B31: Whether company is Bank, Financial Institutions and Insurance Company | C31: No | E31: Loan to director - Opening balance being c/f
E32: Loans to Director - Additional during the year
E34: Tax Audit related data
E35: Aggregate Receipt (Bank + Cash) | F35: 0
E36: Aggregate Receipt (Cash) | F36: 0
E37: Aggregate Payment (Bank + Cash) | F37: 0
E38: Aggregate Payment (Cash) | F38: 0
E40: NFRA related data
E41: Consolidated income of the parent company
E42: Consolidated net worth of the parent company
E43: Income of the foreign subsidiary/associate
E44: Net worth of the foreign subsidiary/associate
E45: Percentage of Income | F45: =IF(F41=0,0%,F43/F41) -> 0 | G45: =IF(G41=0,0%,G43/G41) -> 0 | H45: =IF(H41=0,0%,H43/H41) -> 0 | I45: =IF(I41=0,0%,I43/I41) -> 0
E46: Percentage of net worth | F46: =IF(F42=0,0%,F44/F42) -> 0 | G46: =IF(G42=0,0%,G44/G42) -> 0 | H46: =IF(H42=0,0%,H44/H42) -> 0 | I46: =IF(I42=0,0%,I44/I42) -> 0
C49: =OR(COUNTBLANK(C31),COUNTBLANK(C29),COUNTBLANK(C27),COUNTBLANK(C25),COUNTBLANK(C23),COUNTBLANK(C21),COUNTBLANK(C19)) -> FALSE
H405: 528768.41

Sheet Result
E1: Ver. Dt. 12/03/2026
B2: Evaluation of | C2: Applicable | D2: Evaluation of2 | E2: Applicable2
B3: Accounting Standards Requirement | D3: Corporate Law Requirement
B4: Small and Medium Company (SMC) | C4: =IF('Input Data'!C49=TRUE,"ERROR",IF('Input Data'!C6="ERROR","ERROR",IF('Input Data'!C12="ERROR","ERROR",IF(OR('Input Data'!C25="Yes",'Input Data'!C31="Yes"),"No",IF(OR('Input Data'!C7="Yes",'Input Data'!C8="Yes",'Input Data'!C10="Yes",),IF(AND('Input Data'!G6<=25000,SUM('Input Data'!G13:G18)<=5000,OR('Input Data'!C13="Yes",'Input Data'!C13="NA"),OR('Input Data'!C14="Yes",'Input Data'!C14="NA")),"Yes","No"),"No"))))) -> Yes | D4: Appointment of KMP (WTD & CFO) | E4: =IF('Input Data'!C49=TRUE,"ERROR",IF('Input Data'!C6="ERROR","ERROR",IF('Input Data'!C12="ERROR","ERROR",IF('Input Data'!C9="yes","Yes",IF(AND(OR('Input Data'!C8="Yes",'Input Data'!C10="Yes",'Input Data'!C17="Yes"),'Input Data'!G21>=1000),"Yes","No"))))) -> No
D5: Appointment of Independent Director | E5: =IF('Input Data'!C49=TRUE,"ERROR",IF('Input Data'!C6="ERROR","ERROR",IF('Input Data'!C12="ERROR","ERROR",IF('Input Data'!C9="yes","Yes",IF(AND(OR('Input Data'!C8="Yes",'Input Data'!C10="Yes",'Input Data'!C17="Yes"),OR('Input Data'!G6>=10000,'Input Data'!G21>=1000,('Input Data'!G13+'Input Data'!G14+'Input Data'!G15+'Input Data'!G16+'Input Data'!G17+'Input Data'!G18)>5000)),"Yes","No"))))) -> No
B6: Audit related requirement | D6: Appointment of Women Director | E6: =IF('Input Data'!C49=TRUE,"ERROR",IF('Input Data'!C6="ERROR","ERROR",IF('Input Data'!C12="ERROR","ERROR",IF('Input Data'!C9="yes","Yes",IF(AND(OR('Input Data'!C8="Yes",'Input Data'!C10="Yes",'Input Data'!C17="Yes"),OR('Input Data'!G6>=30000,'Input Data'!G21>=10000)),"Yes","No"))))) -> No
B7: CARO | C7: =IF('Input Data'!C49=TRUE,"ERROR",IF('Input Data'!C6="ERROR","ERROR",IF('Input Data'!C12="ERROR","ERROR",IF(OR('Input Data'!C10="Yes",C8="Yes"),"No",IF(OR('Input Data'!C8<>"No",'Input Data'!C9<>"No",'Input Data'!C17<>"NA",'Input Data'!C16<>"NA"),"Yes",(IF(OR(SUM('Input Data'!F21:F25)>100,SUM('Input Data'!F13:F14)>100,'Input Data'!F6>1000),"Yes","No"))))))) -> No | D7: Appointment of Whole-time Company Secretary | E7: =IF('Input Data'!C49=TRUE,"ERROR",IF('Input Data'!C6="ERROR","ERROR",IF('Input Data'!C12="ERROR","ERROR",IF('Input Data'!C9="Yes","Yes",IF(E4="Yes","Yes",IF(AND('Input Data'!C7="Yes",'Input Data'!G21>=1000),"Yes","No")))))) -> No
B8: Small Company | C8: =IF('Input Data'!C49=TRUE,"ERROR",IF('Input Data'!C6="ERROR","ERROR",IF('Input Data'!C12="ERROR","ERROR",IF(AND('Input Data'!F21<=1000,'Input Data'!G6<=10000,'Input Data'!C7="Yes",'Input Data'!C13="NA",'Input Data'!C14="NA",'Input Data'!C15="NA",'Input Data'!C16="NA",'Input Data'!C17="NA"),"Yes","No")))) -> Yes | D8: Compliance Certificate in MGT-8 | E8: =IF('Input Data'!C49=TRUE,"ERROR",IF('Input Data'!C6="ERROR","ERROR",IF('Input Data'!C12="ERROR","ERROR",IF('Input Data'!C9="Yes","Yes",IF(OR('Input Data'!G21>=1000,'Input Data'!G6>=5000),"Yes","No"))))) -> No
B9: Internal Audit | C9: =IF('Input Data'!C49=TRUE,"ERROR",IF('Input Data'!C6="ERROR","ERROR",IF('Input Data'!C12="ERROR","ERROR",IF('Input Data'!C9="Yes","Yes",IF(AND(OR('Input Data'!C8="Yes",'Input Data'!C17="Yes",'Input Data'!C10="yes"),OR('Input Data'!G21>=5000,'Input Data'!G6>=20000,('Input Data'!G13+'Input Data'!G14)>=10000,'Input Data'!G15>=2500)),"Yes",IF('Input Data'!C7="Yes",IF(OR('Input Data'!G6>=20000,('Input Data'!G13+'Input Data'!G14)>=10000),"Yes","No"),"No")))))) -> No | D9: Special resolution u/s 180(1)(c) | E9: =IF('Input Data'!C49=TRUE,"ERROR",IF('Input Data'!C6="ERROR","ERROR",IF('Input Data'!C12="ERROR","ERROR",IF(AND(OR('Input Data'!C8="Yes",'Input Data'!C9="Yes",'Input Data'!C10="yes",'Input Data'!C17="Yes"),SUM('Input Data'!F13:F18)>0,SUM('Input Data'!F13:F18)>('Input Data'!G21+'Input Data'!G22+'Input Data'!G23)),"Yes",IF('Input Data'!C7="yes","No","No"))))) -> No
B10: Cost Records | C10: =IF('Input Data'!C49=TRUE,"ERROR",IF('Input Data'!C6="ERROR","ERROR",IF('Input Data'!C12="ERROR","ERROR",IF('Input Data'!C21="yes","No",IF(AND(OR('Input Data'!C7="yes",'Input Data'!C8="Yes",'Input Data'!C9="Yes",'Input Data'!C10="Yes"),'Input Data'!G6>=3500),"Yes","No"))))) -> No | D10: Review of Loans given u/s 185 | E10: =IF('Input Data'!C49=TRUE,"ERROR",IF('Input Data'!C6="ERROR","ERROR",IF('Input Data'!C12="ERROR","ERROR",IF(AND('Input Data'!C7="Yes",'Input Data'!C17<>"Yes",OR('Input Data'!F28>0,'Input Data'!F29>0,'Input Data'!F32>0),OR((('Input Data'!F13+'Input Data'!F17+'Input Data'!F14)>MIN(('Input Data'!F21*2),5000)))),"Yes",IF(AND(OR('Input Data'!C8="Yes",'Input Data'!C9="yes",'Input Data'!C17="Yes",'Input Data'!C10="yes"),OR('Input Data'!F28>0,'Input Data'!F29>0,'Input Data'!F32>0)),"Yes","No"))))) -> No
B11: Cost Audit | C11: =IF('Input Data'!C49=TRUE,"ERROR",IF('Input Data'!C6="ERROR","ERROR",IF('Input Data'!C12="ERROR","ERROR",IF('Input Data'!G6<=0,"No",IF(AND(C10="Yes",('Input Data'!G9/'Input Data'!G6)>0.75),"No",IF(AND(C10="Yes",'Input Data'!C19="Yes",'Input Data'!G6>=5000,'Input Data'!G10>=2500),"Yes",IF(AND(C10="Yes",'Input Data'!C19="No",'Input Data'!G6>=10000,'Input Data'!G10>=3500),"Yes","No"))))))) -> No | D11: Special Resolution u/s 186 | E11: =IF('Input Data'!C49=TRUE,"ERROR",IF('Input Data'!C6="ERROR","ERROR",IF('Input Data'!C12="ERROR","ERROR",IF(AND(OR('Input Data'!C7="Yes",'Input Data'!C8="Yes",'Input Data'!C9="yes",'Input Data'!C10="yes"),SUM('Input Data'!F28:F30)>0,SUM('Input Data'!F28:F30)>MAX(0.6*(SUM('Input Data'!F21:F23)),(SUM('Input Data'!F22:F23)))),"Yes","No")))) -> No
B12: Secretarial audit | C12: =IF('Input Data'!C49=TRUE,"ERROR",IF('Input Data'!C6="ERROR","ERROR",IF('Input Data'!C12="ERROR","ERROR",IF('Input Data'!C9="Yes","Yes",IF(AND(OR('Input Data'!C8="Yes",'Input Data'!C10="Yes",'Input Data'!C17="Yes"),OR('Input Data'!G6>=25000,'Input Data'!G21>=5000,SUM('Input Data'!G13:G14)>=10000)),"Yes",IF(AND('Input Data'!C7="Yes",SUM('Input Data'!G13:G14)>=10000),"Yes","No")))))) -> No | D12: Audit Committee | E12: =IF('Input Data'!C49=TRUE,"ERROR",IF('Input Data'!C6="ERROR","ERROR",IF('Input Data'!C12="ERROR","ERROR",IF(AND('Input Data'!C7="Yes",'Input Data'!C17<>"Yes"),"No",IF('Input Data'!C9="yes","Yes",IF(AND(OR('Input Data'!C8="Yes",'Input Data'!C10="Yes",'Input Data'!C17="Yes"),OR('Input Data'!G6>=10000,'Input Data'!G21>=1000,SUM('Input Data'!G13:G18)>5000)),"Yes","No")))))) -> No
B13: Review for Consolidation | C13: =IF('Input Data'!C49=TRUE,"ERROR",IF('Input Data'!C6="ERROR","ERROR",IF('Input Data'!C12="ERROR","ERROR",IF('Input Data'!F30>0,"Yes","No")))) -> No | D13: Corporate Social Responsibility | E13: =IF('Input Data'!C49=TRUE,"ERROR",IF('Input Data'!C6="ERROR","ERROR",IF('Input Data'!C12="ERROR","ERROR",IF(AND(OR('Input Data'!C7="yes",'Input Data'!C8="Yes",'Input Data'!C9="Yes",'Input Data'!C10="Yes"),OR(('Input Data'!G21+'Input Data'!G22+'Input Data'!G23+'Input Data'!G25)>=50000,('Input Data'!G6)>=100000,('Input Data'!G7)>=500)),"Yes","No")))) -> No
B14: Review for Ind-AS | C14: =IF('Input Data'!C49=TRUE,"ERROR",IF('Input Data'!C6="ERROR","ERROR",IF('Input Data'!C12="ERROR","ERROR",IF(OR('Input Data'!C7="Yes",'Input Data'!C8="Yes",'Input Data'!C9="Yes"),(IF(OR(SUM('Input Data'!G21:G23)>25000,SUM('Input Data'!H21:H23)>25000,SUM('Input Data'!I21:I23)>25000,'Input Data'!C27="yes",'Input Data'!C9="yes"),"Yes","No")),"No")))) -> No | D14: Review for rotation of Statutory Auditor | E14: =IF('Input Data'!C49=TRUE,"ERROR",IF('Input Data'!C6="ERROR","ERROR",IF('Input Data'!C12="ERROR","ERROR",IF('Input Data'!C9="yes","Yes",IF(AND(OR('Input Data'!C8="Yes",'Input Data'!C10="Yes",'Input Data'!C17="Yes"),OR(SUM('Input Data'!F13:F15)>=5000,'Input Data'!F21>=1000)),"Yes",IF(AND('Input Data'!C7="yes",'Input Data'!C17<>"Yes"),IF(OR('Input Data'!F21>=5000,('Input Data'!F13+'Input Data'!F14+'Input Data'!F15)>=5000),"Yes","No"),"No")))))) -> No
B15: Internal Financial Controls with reference to Financial Statements (IFCR) | C15: =IF('Input Data'!C49=TRUE,"ERROR",IF('Input Data'!C6="ERROR","ERROR",IF('Input Data'!C12="ERROR","ERROR",IF(C8="Yes","No",IF(OR('Input Data'!C8="Yes",'Input Data'!C9="Yes",'Input Data'!C17="Yes"),"Yes",IF(AND(OR('Input Data'!C7="Yes",'Input Data'!C10="yes"),OR('Input Data'!G6>=5000,('Input Data'!F13+'Input Data'!F14+'Input Data'!F15+'Input Data'!F17)>=2500)),"Yes","No")))))) -> No
D16: NFRA
B17: Tax Audit Requirement | D17: Covered by NFRA | E17: =IF('Input Data'!C49=TRUE,"ERROR",IF('Input Data'!C6="ERROR","ERROR",IF('Input Data'!C12="ERROR","ERROR",IF(OR('Input Data'!C9="Yes",'Input Data'!C29="Yes"),"Yes",IF(AND('Input Data'!C7="Yes",'Input Data'!C17<>"yes"),"No",IF(OR('Input Data'!G21>=50000,'Input Data'!G6>=100000,SUM('Input Data'!G13:G18)>=50000),"Yes",IF(AND('Input Data'!C15="Yes",OR('Input Data'!C8="Yes",'Input Data'!C9="Yes",'Input Data'!C10="Yes",'Input Data'!C17="Yes"),IF(OR('Input Data'!G21>=50000,'Input Data'!G6>=100000,SUM('Input Data'!G13:G18)>=50000),OR('Input Data'!G45>20%,'Input Data'!G46>20%))),"Yes","No"))))))) -> No
B18: Tax Audit | C18: =IF(COUNTBLANK('Input Data'!F35:F38)>0,"Fill Cash Data",IF('Input Data'!C49=TRUE,"ERROR",IF('Input Data'!C6="ERROR","ERROR",IF('Input Data'!C12="ERROR","ERROR",IF('Input Data'!F6>1000,"Yes",IF(AND('Input Data'!F6<=1000,'Input Data'!F6>100,OR('Input Data'!F36>'Input Data'!F35*5%,'Input Data'!F38>'Input Data'!F37*5%)),"Yes","No")))))) -> Yes
A20: Remarks:
A25: This professional tool is that of K C Mehta & Co LLP Chartered Accountants (KCM). While every care is taken to ensure the accuracy of this professional tool, neither contributor nor KCM is liable for any inadvertent errors or any action taken on the basis of this professional tool. This professional tool has been downloaded from www.vishaldoshi.in. For any queries, kindly mail to the contributor at pratik.parikh@kcmehta.com

Sheet Limits
B1: IMPORTANT LIMITS FOR VARIOUS COMPLIANCES
A3: A | B3: Level of Enterprise
B4: Following conditions are to be considered while deciding the level of entity:
B6: NON SMCs*
B7: Turnover excluding Other Income for the immediately preceeding accounting year exceeds Rs. 250 Crores.
B8: OR
B9: Borrowings including Public Deposits in excess of Rs. 50 Crores at any time during the immediately preceeding accounting year.
B10: OR
B11: Listed Companies / In Process of Listing Companies
B12: OR
B13: Subsidiary/ Holding of above
B14: OR
B15: Bank, Financial Institutions and Insurance Company
B17: * All entity other than above are classified as SMC
A19: B | B19: CARO Applicability
B20: CARO Rules
B22: Applicable to all Companies other than Banking Companies, OPC, Small Company, Insurance Companies, Section 8 Company and Private Limited.
B23: For Pvt. Limited, any of the following condition is fulfilled at any point of time during the year then CARO is applicable:
B24: Holding or subsidiary of a Public company
B25: Paid up Capital & Reserves greater than Rs. 1 crore
B26: Loans from Banks or Financial Institution exceeds Rs. 1 crore
B27: Turnover exceeds Rs. 10 Crores
A29: C | B29: Small Company
B30: Sec 2(85)
B32: Small Company means a company other than a Public Company that satisfies either of the following conditions:
B33: Items | C33: Amounts Exceeding | D33: Year
B34: Paid-up share capital | C34: 10 crores | D34: Current Financial year | E34: and
B35: Turnover | C35: 100 crores | D35: Preceeding financial year
B37: Note :
B38: Provided above definition will not include:
B39: 1) holding company or subsidiary company
B40: 2) Company registered under section 8 or
B41: 3) Company or body corporate governed by any special act
A44: D | B44: Internal Audit Applicability
B45: Section 138 & Rule 13 of Companies (Accounts) Rule 2014
B47: Listed Company | C47: Compulsory
B48: Unlisted Public Company | C48: Any of the following
B49: Items | C49: Amounts Exceeding | D49: Year
B50: Paid up Share Capital | C50: 50 Crores | D50: Preceeding Financial Year
B51: Turnover | C51: 200 Crores | D51: Preceeding Financial Year
B52: Outstanding loans and borrowings from banks or public financial institutions | C52: 100 Crores | D52: At any point of time during preceeding financial year
B53: Outstanding Deposits | C53: 25 Crores | D53: At any point of time during preceeding financial year
B55: Private Limited Company | C55: Any of the following
B56: Items | C56: Amounts Exceeding | D56: Year
B57: Turnover | C57: 200 Crores | D57: Preceeding Financial Year
B58: Outstanding loans and borrowings from banks or public financial institutions | C58: 100 Crores | D58: At any point of time during preceeding financial year
A60: E | B60: Cost Records Applicability
B61: Section 148 & Rule 3 of Companies (Cost Records and Audit ) Rules 2014
B63: Items | C63: Amounts Exceeding | D63: Year
B64: All Company | C64: Turnover Rs. 35 Crores or more | D64: Preceeding Financial Year
B66: Exempted Category
B67: Liasion office of Foreign Company
B68: Company which is classified as micro or small enterprise of Micro, Small and Medium Enterprise Development Act, 2006
A70: F | B70: Cost Audit Rules Applicability ( In case of cost record rules are applicable)
B71: Rule 4 of Companies (Cost Records and Audit ) Rules 2014
B73: Items | C73: Amounts Exceeding | D73: Year
B74: Company producing Multi product or providing multi services | C74: Aggregate Turnover Rs. 100 Crores or more and Aggregate turnover of individual product or service Rs. 35 crores or more | D74: Preceeding Financial Year
B75: Company under Regulated Sector | C75: Aggregate Turnover Rs. 50 Crores or more and Aggregate turnover of individual product or service Rs. 25 crores or more | D75: Preceeding Financial Year
B76: Exemption:
B77: (i) whose revenue from exports, in foreign exchange, exceeds seventy five per cent of its total revenue or
B78: (ii) which is operating from a special economic zone.
B79: (iii) which is engaged in generation of electricity for captive consumption through captive generating plant
A81: G | B81: XBRL
B82: Section 137 & Rule 3 of Companies (Filing of Documents) Rules, 2015
B84: Listed companies | C84: Compulsory
B85: Other Companies | C85: Any of the following
B86: Items | C86: Amounts Exceeding | D86: Year
B87: Paid up Share Capital | C87: 5 Crores | D87: Current Financial Year
B88: Turnover | C88: 100 Crores | D88: Current Financial Year
B89: Company following IND AS | D89: Current Financial Year
A91: G | B91: Secretarial Audit
B92: Section 204
B94: Listed Company | C94: Compulsory
B95: Public Company | C95: Any of the following
B96: Items | C96: Amounts Exceeding | D96: Year
B97: Paid up Share Capital | C97: 50 Crores | D97: Preceeding Financial Year
B98: Turnover | C98: 250 Crores | D98: Preceeding Financial Year
B99: Borrowings | C99: 100 crores | D99: Preceeding Financial Year
B101: Private Limited
B102: Borrowings | C102: 100 crores | D102: Preceeding Financial Year
A104: H | B104: Corporate Social Responsibility
B105: Section 135
B107: All Companies | C107: Any of the following
B108: Items | C108: Amounts Exceeding | D108: Year
B109: Net worth Capital | C109: 500 Crores | D109: Preceeding Financial Year
B110: Turnover | C110: 1000 Crores | D110: Preceeding Financial Year
B111: Net Profit | C111: 5 Crores | D111: Preceeding Financial Year
A113: I | B113: Women Director
B114: Rule 3 of Companies (Appointment and qualification of Directors) Rules, 2014
B116: Listed Company | C116: Compulsory
B117: Unlisted Public Company | C117: Any of the following
B118: Items | C118: Amounts Equals to or Exceeds | D118: Year
B119: Paid up Share Capital | C119: 100 Crores | D119: Preceeding Financial Year
B120: Turnover | C120: 300 Crores | D120: Preceeding Financial Year
B121: Private Limited | C121: Not applicable
A123: J | B123: Independent Director
B124: Rule 4 of Companies (Appointment and Qualifications of Directors) Rules, 2014
B126: Listed Company | C126: Compulsory
B127: Unlisted Public Company | C127: Any of the following
B128: Items | C128: Amounts Exceeding | D128: Year
...
